 Dungeon Crawl Stone Soup version 0.25-a0-730-g633e9c3 (webtiles) character file.

Game seed: 1418032013370137088, levelgen mode: deterministic

119 BlueFish the Magician (level 4, -7/32 HPs)
             Began as a Mummy Wizard on Apr 7, 2020.
             Shot with an arrow by a centaur (11 damage)
             ... on level 5 of the Dungeon.
             The game lasted 00:06:46 (3114 turns).

BlueFish the Magician (Mummy Wizard)                Turns: 3114, Time: 00:06:47

Health: -7/32      AC:  2    Str: 10    XL:     4   Next: 73%
Magic:  5/11       EV: 12    Int: 18    God:
Gold:   54         SH:  0    Dex: 10    Spells: 4/14 levels left

rFire    x . .     SeeInvis .   c - +0 dagger
rCold    + . .     Gourm    .   (no shield)
rNeg     + + +     Faith    .   a - +0 robe
rPois    ∞         Spirit   .   b - +0 hat
rElec    .         Reflect  .   (no cloak)
rCorr    .         Harm     .   (no gloves)
MR       .....                  (no boots)
Stlth    ++........             (no amulet)
HPRegen  0.10/turn              (no ring)
MPRegen  0.12/turn              (no ring)

@: very slightly contaminated
A: no food or potions, fire vulnerability, cold resistance 1, negative energy
resistance 3, torment resistance, unbreathing
a: no special abilities


You were on level 5 of the Dungeon.
You were not hungry.

You visited 1 branch of the dungeon, and saw 4 of its levels.

You collected 54 gold pieces.

Inventory:

Hand Weapons
 c - a +0 dagger (weapon)
 d - a +0 whip
Armour
 a - a +0 robe (worn)
 b - a +0 hat (worn)
Scrolls
 e - a scroll of fog
 f - a scroll of teleportation
 i - a scroll of identify {unknown}


   Skills:
 * Level 1.1 Fighting
 + Level 0.4 Short Blades
 * Level 1.9 Dodging
 * Level 2.0 Stealth
 * Level 5.8 Spellcasting
 + Level 1.1 Conjurations
 + Level 1.0 Summonings
 + Level 0.7 Translocations


You had 4 spell levels left.
You knew the following spells:

 Your Spells              Type           Power        Failure   Level  Hunger
a - Magic Dart            Conj           #...         8%          1    N/A
b - Blink                 Tloc           N/A          14%         2    N/A
c - Call Imp              Summ           #.......     12%         2    N/A
d - Slow                  Hex            #.......     19%         2    N/A
e - Mephitic Cloud        Conj/Pois/Air  #.......     30%         3    N/A

Your spell library contained the following spells:

 Spells                   Type           Power        Failure   Level  Hunger
 Conjure Flame            Conj/Fire      #.......     28%         3    N/A

Dungeon Overview and Level Annotations

Branches:
Dungeon (3/15)

Altars:
Wu Jian


Innate Abilities, Weirdness & Mutations

You do not eat or drink.
Your flesh is vulnerable to fire.
You are immune to poison.
Your flesh is cold resistant. (rC+)
You are immune to negative energy. (rN+++)
You are immune to unholy pain and torment.
You can survive without breathing.


Message History

Casting: Call Imp (safe; 12% risk of failure)
Confirm with . or Enter, or press ? or * to list all spells.
A beastly little devil appears in a puff of flame.
The centaur shoots an arrow.
The arrow hits you.
Casting: Call Imp (safe; 12% risk of failure)
Confirm with . or Enter, or press ? or * to list all spells.
A beastly little devil appears in a puff of flame.
The centaur shoots an arrow.
The arrow misses your crimson imp. The arrow hits you!
* * * LOW HITPOINT WARNING * * *
You see here an arrow.
Casting: Call Imp (safe; 12% risk of failure)
Confirm with . or Enter, or press ? or * to list all spells.
You miscast Call Imp.
You are very lightly contaminated with residual magic.
You feel a strange surge of energy! The worker ant barely misses you.
Your crimson imp hits the centaur.
The centaur shoots an arrow.
The arrow closely misses your crimson imp.
The arrow hits you!
You die...

############
########..........#.
...####........(c.........
.....>.........5#.#####...
.....##.##....#.(#..a....
..#. #.##....@a###.##...
##..##.##....5## #..
................###.###
###.####.##....#.#.#
#..#..####.# #..........#
#.........## ).#.##.##.#
#.#.##.##.#


You could see a centaur, a worker ant and 2 friendly crimson imps.

Vanquished Creatures
  An adder (D:2)
  A leopard gecko (D:2)
  6 bats
  3 giant cockroaches (D:1)
  5 hobgoblins
  4 jackals (D:1)
  3 kobolds (D:1)
  2 quokkas
  2 goblins
  5 rats
32 creatures vanquished.

Vanquished Creatures (collateral kills)
  A crimson imp (D:5)
  A bullfrog skeleton (D:5)
  Ijyb (D:3)
  A worker ant (D:5)
  2 adders (D:2)
  2 worms (D:2)
  A dart slug (D:2)
  A giant cockroach (D:2)
  A kobold (D:1)
  A quokka (D:5)
  A ball python (D:2)
  A rat (D:1)
14 creatures vanquished.

Grand Total: 46 creatures vanquished

Notes
Turn   | Place    | Note
-------+----------+-------------------------------------------
     0 | D:1      | BlueFish the Mummy Wizard began the quest for the Orb.
     0 | D:1      | Reached XP level 1. HP: 13/13 MP: 5/5
   438 | D:1      | Reached XP level 2. HP: 19/19 MP: 3/7
   497 | D:1      | Learned a level 2 spell: Blink
   500 | D:1      | Learned a level 2 spell: Call Imp
   503 | D:1      | Learned a level 2 spell: Slow
  1178 | D:1      | HP: 1/20 [jackal (1)]
  1758 | D:2      | Reached skill level 1 in Conjurations
  1758 | D:2      | Reached XP level 3. HP: 23/25 MP: 0/9
  1764 | D:2      | Learned a level 3 spell: Mephitic Cloud
  2015 | D:2      | Reached skill level 5 in Spellcasting
  2267 | D:2      | Found an ornate altar of the Wu Jian Council.
  2798 | D:3      | Noticed Ijyb
  2809 | D:3      | Killed Ijyb
  2809 | D:3      | Reached XP level 4. HP: 24/31 MP: 2/11
  2812 | D:3      | You fall into a shaft and drop 2 floors!
  2812 | D:5      | Entered Level 5 of the Dungeon
  2860 | D:5      | Reached skill level 1 in Fighting
  2959 | D:5      | Reached skill level 1 in Summonings
  3106 | D:5      | Noticed a centaur
  3114 | D:5      | Shot with an arrow by a centaur

Levels and vault maps discovered:
D:1:      minmay_arrival_solitary_statue, layout_loops_ring
D:2:      minmay_angry_zag, layout_basic, lemuel_crystal_altar,
          serial_bayou_crossing
D:3:      layout_rooms, yredelemnul_altar_generic,
          chequers_ecumenical_altar_simple_redux, first_ration,
          fedhas_ov_isle_minmay, uniq_grinder, uniq_ijyb, uniq_sigmund
D:5:      layout_loops_ring, elyvilon_altar_5, okawaru_ov_weapons_minmay,
          lemuel_round_altar, nicolae_overflow_crystal_walls, old_standard_altar

Skill      XL: |  1  2  3  4 |
---------------+-------------+-----
Conjurations   | 1 |  1.1
Spellcasting   | 5 |  5.8
Fighting       | 1 |  1.1
Stealth        | 2 |  2.0
Summonings     | 1 |  1.0
Short Blades   | |  0.4
Dodging        | |  1.9
Translocations | |  0.7

Action                   |  1- 3 |  4- 6 || total
-------------------------+-------+-------++-------
Melee: Dagger            |    61 |     2 ||    63
 Cast: Magic Dart        |    74 |       ||    74
       Call Imp          |    17 |    12 ||    29
  Use: Scroll            |     4 |       ||     4
Armor: Robe              |    12 |     2 ||    14
Dodge: Dodged            |    54 |     7 ||    61

Table legend:
 A = Non-vault XP
 B = Vault XP
 C = Vault XP percentage of total XP
 D = Non-vault monster count
 E = Vault monster count
 F = Vault count percentage of total count
                 A         B        C        D         E       F
            +---------+---------+-------+---------+---------+-------
      Total |     123 |      47 |  27.6 |      37 |       9 |  19.6
            +---------+---------+-------+---------+---------+-------
        D:1 |      32 |       0 |   0.0 |      19 |       0 |   0.0
        D:2 |      28 |      29 |  50.9 |      13 |       8 |  38.1
        D:3 |       1 |      18 |  94.7 |       1 |       1 |  50.0
        D:5 |      62 |       0 |   0.0 |       4 |       0 |   0.0
            +---------+---------+-------+---------+---------+-------
